Map: Gresvan LE

Players

ColonelRose - Winner!

  • Race: Protoss Protoss
  • League: Platinum
  • Spawn Location: 11:00

winzboy

  • Race: Protoss Protoss
  • League: Gold
  • Spawn Location: 5:00

VOD

Have the link to the VOD?

Description

Time

  • Played on: May 24, 2023, 9:51 p.m.
  • Length: 3:14
Show
View Real Time Build Order
Export as new Build Order

ColonelRose Protoss - Winner!

Build Orders:  

Get SALT Encoding   

  12  0:00  Probe  
  13  0:12  Probe  
  14  0:21  Pylon  
  14  0:39  Probe  
  15  0:51  Probe (Chrono Boost)  
  15  0:52  Forge  
  16  1:01  Pylon  
  16  1:02  Probe (Chrono Boost)  
  17  1:15  Pylon  
  17  1:20  Gateway  
  17  1:24  Gateway  
  17  1:32  Gateway  
  17  1:43  Gateway  
  17  2:07  Zealot (Chrono Boost)  
  19  2:10  Zealot (Chrono Boost)  
  21  2:18  Photon Cannon  
  21  2:21  Photon Cannon  
  21  2:26  Zealot (Chrono Boost)  
  21  2:28  Zealot  
  23  2:34  Zealot  
  27  2:41  Zealot  
Show
View Real Time Build Order
Export as new Build Order

winzboy Protoss 

Build Orders:  

Get SALT Encoding   

  12  0:01  Probe  
  13  0:16  Probe  
  14  0:23  Pylon  
  14  0:29  Probe  
  14  0:30  Assimilator  
  15  0:43  Gateway  
  15  0:48  Probe (Chrono Boost)  
  16  0:59  Probe (Chrono Boost)  
  16  1:03  Probe (Chrono Boost)  
  18  1:15  Probe  
  19  1:27  Probe  
  20  1:36  Cybernetics Core  
  20  1:39  Probe  
  21  1:45  Nexus  
  21  1:53  Probe  
  22  1:57  Assimilator  
  22  2:05  Probe  
  23  2:24  Pylon  
  23  2:40  Stalker (Chrono Boost)  
  23  2:42  Probe  
  26  2:55  Probe  
  26  2:57  Robotics Facility  
  27  2:58  Gateway  
Tags
 
Matchup
PvP
Replay Pack
Multiplayer
Spawn Locations
Cross Positions
Add a new tag
Caveats
  • Supply blocks, unpowered buildings, or Contaminate may cause inaccurate times.
  • Supply counts are checked every 10 seconds.